EL
HARRISBURG SENATORS @ SAN JOSE GIANTS
07/29/2048
 
TOP OF THE 1ST
Harrisburg Senators batting - Pitching for San Jose Giants : LHP Jordan Ruiz
Pitching: LHP Jordan Ruiz
Batting: RHB Naofumi Ishida 0-0: Called Strike
0-1: Ground out 6-3 (Groundball, 6, EV 101.9 MPH)
Batting: RHB Jim Miske 0-0: Swinging Strike
0-1: Ball
1-1: Called Strike
1-2: Ground out 6-3 (Groundball, 6, EV 101.9 MPH)
Batting: RHB Antonio Morado 0-0: Called Strike
0-1: Ball
1-1: Ground out 6-3 (Groundball, 56, EV 103.1 MPH)
Top of the 1st over - 0 runs, 0 hits, 0 errors, 0 left on base; Harrisburg 0 - San Jose 0
BOTTOM OF THE 1ST
San Jose Giants batting - Pitching for Harrisburg Senators : LHP Manny Ruiz
Pitching: LHP Manny Ruiz
Batting: RHB Edwin Verdugo 0-0: Called Strike
0-1: Ball
1-1: Called Strike
1-2: Ground out 6-3 (Groundball, 6, EV 104.4 MPH)
Batting: RHB Troy Trice 0-0: Called Strike
0-1: Ground out 4-3 (Groundball, 4, EV 88.1 MPH)
Batting: RHB Cesar Martinez 0-0: Ball
1-0: Swinging Strike
1-1: Swinging Strike
1-2: Ball
2-2: Strikes out swinging
Bottom of the 1st over - 0 runs, 0 hits, 0 errors, 0 left on base; Harrisburg 0 - San Jose 0
TOP OF THE 2ND
Harrisburg Senators batting - Pitching for San Jose Giants : LHP Jordan Ruiz
Batting: LHB Kyung-jin Cho 0-0: Ball
1-0: Ball
2-0: Called Strike
2-1: Ball
3-1: Foul Ball, location: 2F
3-2: SINGLE (Groundball, 34D, EV 102.5 MPH)
Batting: LHB Pat Aviles 0-0: Ball
1-0: Ball
2-0: Foul Ball, location: 2F
2-1: Fielders Choice at 2nd, 4-6 (Groundball, 34, EV 80.6 MPH)
Batting: RHB Kevin Wick 0-0: Called Strike
0-1: Ball
1-1: Foul Ball, location: 2F
1-2: Ball
2-2: Strikes out looking
Batting: LHB Evan Oliveri 0-0: Ball
1-0: Ball
Pat Aviles is caught stealing 2nd base 2-6
Top of the 2nd over - 0 runs, 1 hit, 0 errors, 0 left on base; Harrisburg 0 - San Jose 0
BOTTOM OF THE 2ND
San Jose Giants batting - Pitching for Harrisburg Senators : LHP Manny Ruiz
Batting: RHB Coen Dirks 0-0: Ground out 4-3 (Groundball, 4, EV 88.1 MPH)
Batting: LHB Mike Roberts 0-0: Ball
1-0: Ball
2-0: Ball
3-0: Called Strike
3-1: Called Strike
3-2: Strikes out swinging
Batting: RHB Gary Sampson 0-0: Foul Ball, location: 2F
0-1: Ball
1-1: Ball
2-1: Foul Ball, location: 2F
2-2: Fly out, F8 (Line Drive, 78M, EV 91.2 MPH)
Bottom of the 2nd over - 0 runs, 0 hits, 0 errors, 0 left on base; Harrisburg 0 - San Jose 0
TOP OF THE 3RD
Harrisburg Senators batting - Pitching for San Jose Giants : LHP Jordan Ruiz
Batting: LHB Evan Oliveri 0-0: Ball
1-0: Foul Ball, location: 2F
1-1: Ground out 6-3 (Groundball, 56, EV 100.6 MPH)
Batting: RHB Ben Welt 0-0: Ball
1-0: Foul Ball, location: 2F
1-1: Foul Ball, location: 2F
1-2: Foul Ball, location: 2F
1-2: SINGLE (Groundball, 56, EV 99.4 MPH)
Batting: RHB Victor Cintron 0-0: Called Strike
0-1: Ball
1-1: Ball
2-1: Ball
3-1: Base on Balls
Ben Welt to second
Batting: RHB Naofumi Ishida 0-0: Ball
1-0: Ball
2-0: Called Strike
2-1: Called Strike
2-2: Fielders Choice at 2nd, 3-6 (Groundball, 3S, EV 86.2 MPH)
Ben Welt to third
Batting: RHB Jim Miske 0-0: Ball
1-0: Called Strike
1-1: Foul Ball, location: 2F
1-2: Foul Ball, location: 2F
1-2: Strikes out swinging
Top of the 3rd over - 0 runs, 1 hit, 0 errors, 2 left on base; Harrisburg 0 - San Jose 0
BOTTOM OF THE 3RD
San Jose Giants batting - Pitching for Harrisburg Senators : LHP Manny Ruiz
Batting: LHB Gil Caraveo 0-0: Called Strike
0-1: Fly out, F3 (Line Drive, 3, EV 68.1 MPH)
Batting: RHB Teruhide Horiuchi 0-0: Called Strike
0-1: Foul Ball, location: 2F
0-2: Ball
1-2: Ball
2-2: Foul Ball, location: 2F
2-2: Ball
3-2: SINGLE (Groundball, 6MS, EV 68.1 MPH) (infield hit)
Batting: RHB Ruben Irizarry 0-0: Ball
1-0: Called Strike
1-1: Foul Ball, location: 2F
1-2: Grounds into double play, 6-4-3 (Groundball, 6, EV 103.1 MPH)
Bottom of the 3rd over - 0 runs, 1 hit, 0 errors, 0 left on base; Harrisburg 0 - San Jose 0
TOP OF THE 4TH
Harrisburg Senators batting - Pitching for San Jose Giants : LHP Jordan Ruiz
Batting: RHB Antonio Morado 0-0: Called Strike
0-1: SOLO HOME RUN (Flyball, 78XD, EV 104.4 MPH), Distance : 430 ft
Batting: LHB Kyung-jin Cho 0-0: Ground out 6-3 (Groundball, 6, EV 105.0 MPH)
Batting: LHB Pat Aviles 0-0: Ball
1-0: Fly out, F5 (Popup, 56, EV 71.9 MPH)
Batting: RHB Kevin Wick 0-0: Swinging Strike
0-1: Called Strike
0-2: Ball
1-2: Ball
2-2: Foul Ball, location: 2F
2-2: Ball
3-2: Fly out, F3 (Popup, 3DF, EV 65.0 MPH)
Top of the 4th over - 1 run, 1 hit, 0 errors, 0 left on base; Harrisburg 1 - San Jose 0
BOTTOM OF THE 4TH
San Jose Giants batting - Pitching for Harrisburg Senators : LHP Manny Ruiz
Batting: RHB Edwin Verdugo 0-0: Ball
1-0: Ball
2-0: Ball
3-0: Foul Ball, location: 2F
3-1: Base on Balls
Batting: RHB Troy Trice 0-0: Ball
Wild Pitch!
Edwin Verdugo to second
1-0: Ball
2-0: Ground out 1-3 (Groundball, 13, EV 76.9 MPH)
Edwin Verdugo to third
Batting: RHB Cesar Martinez 0-0: Reached on error, E6 (Groundball, 6, EV 98.8 MPH)
Edwin Verdugo scores
Batting: RHB Coen Dirks 0-0: Called Strike
0-1: Ball
1-1: Ball
2-1: Ball
3-1: Foul Ball, location: 2F
3-2: Ground out 6-3 (Groundball, 6, EV 86.9 MPH)
Cesar Martinez to third
Batting: LHB Mike Roberts 0-0: Ball
1-0: Called Strike
1-1: Swinging Strike
1-2: Strikes out looking
Bottom of the 4th over - 1 run, 0 hits, 1 error, 1 left on base; Harrisburg 1 - San Jose 1
TOP OF THE 5TH
Harrisburg Senators batting - Pitching for San Jose Giants : LHP Jordan Ruiz
Batting: LHB Evan Oliveri 0-0: Called Strike
0-1: Fly out, F7 (Flyball, 7, EV 85.6 MPH)
Batting: RHB Ben Welt 0-0: Ball
1-0: SINGLE (Line Drive, 9S, EV 105.0 MPH)
Batting: RHB Victor Cintron 0-0: Swinging Strike
0-1: Ball
1-1: Called Strike
1-2: Strikes out swinging
Batting: RHB Naofumi Ishida 0-0: SINGLE (Groundball, 56D, EV 101.9 MPH)
Ben Welt to second
Batting: RHB Jim Miske 0-0: Foul Ball, location: 2F
0-1: SINGLE (Groundball, 6MD, EV 103.1 MPH)
Ben Welt to third
Naofumi Ishida to second
Runner from 3rd tries for Home, SAFE, throw by CF to home
Batting: RHB Antonio Morado 0-0: Ball
1-0: Foul Ball, location: 2F
1-1: Foul Ball, location: 2F
1-2: Ball
Wild Pitch!
Naofumi Ishida to third
Jim Miske to second
2-2: Ball
3-2: Base on Balls
Batting: LHB Kyung-jin Cho 0-0: Ball
1-0: Ball
2-0: Called Strike
2-1: Swinging Strike
2-2: Ball
3-2: Reached on error, E4 (Groundball, 34D, EV 104.4 MPH)
Naofumi Ishida scores
Jim Miske to third
Antonio Morado to second
Batting: LHB Pat Aviles 0-0: Called Strike
0-1: Called Strike
0-2: Foul Ball, location: 2F
0-2: SINGLE (Groundball, 4MD, EV 95.6 MPH)
Jim Miske scores
Antonio Morado to third
Kyung-jin Cho to second
Runner from 3rd tries for Home, SAFE, throw by CF to home
Pitching: RHP Peter Ellis
Batting: RHB Kevin Wick 0-0: Called Strike
0-1: Swinging Strike
0-2: Ball
1-2: Ball
2-2: Strikes out swinging
Top of the 5th over - 4 runs, 4 hits, 1 error, 2 left on base; Harrisburg 5 - San Jose 1
BOTTOM OF THE 5TH
San Jose Giants batting - Pitching for Harrisburg Senators : LHP Manny Ruiz
Batting: RHB Gary Sampson 0-0: Foul Ball, location: 2F
0-1: Ball
1-1: Called Strike
1-2: Ball
2-2: Fly out, F4 (Popup, 34S, EV 87.5 MPH)
Batting: LHB Gil Caraveo 0-0: Foul Ball, location: 2F
0-1: Ground out 4-3 (Groundball, 4, EV 90.6 MPH)
Batting: RHB Teruhide Horiuchi 0-0: Called Strike
0-1: Ball
1-1: Foul Ball, location: 2F
1-2: Strikes out looking
Bottom of the 5th over - 0 runs, 0 hits, 0 errors, 0 left on base; Harrisburg 5 - San Jose 1
TOP OF THE 6TH
Harrisburg Senators batting - Pitching for San Jose Giants : RHP Peter Ellis
Batting: LHB Evan Oliveri 0-0: SINGLE (Groundball, 4, EV 105.6 MPH)
Batting: RHB Ben Welt 0-0: Swinging Strike
0-1: DOUBLE (Line Drive, 9LD, EV 108.1 MPH)
Evan Oliveri to third
Batting: RHB Victor Cintron 0-0: Called Strike
0-1: Foul Ball, location: 2F
0-2: Foul Ball, location: 2F
0-2: Ball
1-2: Strikes out looking
Batting: RHB Naofumi Ishida 0-0: Fly out, F6 (Line Drive, 6MD, EV 64.4 MPH)
Batting: RHB Jim Miske 0-0: Intentional Walk
Batting: RHB Antonio Morado 0-0: Foul Ball, location: 2F
0-1: Called Strike
0-2: Ball
1-2: Ball
2-2: Fly out, F9 (Line Drive, 9S, EV 105.6 MPH)
Top of the 6th over - 0 runs, 2 hits, 0 errors, 3 left on base; Harrisburg 5 - San Jose 1
BOTTOM OF THE 6TH
San Jose Giants batting - Pitching for Harrisburg Senators : LHP Manny Ruiz
Batting: RHB Ruben Irizarry 0-0: Called Strike
0-1: Called Strike
0-2: Single, Error in OF, E8, batter to second base (Groundball, 6MD, EV 95.6 MPH)
Batting: RHB Edwin Verdugo 0-0: Ball
1-0: Ball
2-0: Ball
3-0: Called Strike
3-1: Called Strike
3-2: Foul Ball, location: 2F
3-2: Foul Ball, location: 2F
3-2: Ground out U3 (Groundball, 34S, EV 91.9 MPH)
Ruben Irizarry to third
Batting: RHB Troy Trice 0-0: Ball
1-0: Called Strike
1-1: Ground out 6-3 (Groundball, 6M, EV 100.6 MPH)
Ruben Irizarry scores
Batting: RHB Cesar Martinez 0-0: Ball
1-0: Ball
2-0: Foul Ball, location: 2F
2-1: Ball
3-1: Called Strike
3-2: Base on Balls
Batting: RHB Coen Dirks 0-0: Ball
Cesar Martinez steals 2nd, throwing error, E2
Cesar Martinez to third
1-0: Ball
2-0: Ball
3-0: Called Strike
3-1: Fly out, F2 (Popup, 13S, EV 90.0 MPH)
Bottom of the 6th over - 1 run, 1 hit, 2 errors, 1 left on base; Harrisburg 5 - San Jose 2
TOP OF THE 7TH
Harrisburg Senators batting - Pitching for San Jose Giants : RHP Peter Ellis
Pitching: RHP Harry Dickson
Batting: LHB Kyung-jin Cho 0-0: Ball
1-0: Swinging Strike
1-1: Ball
2-1: Foul Ball, location: 2F
2-2: Ball
3-2: Base on Balls
Batting: LHB Pat Aviles 0-0: Ball
1-0: Called Strike
1-1: Foul Ball, location: 2F
1-2: Ball
2-2: Fly out, F7 (Flyball, 7, EV 96.2 MPH)
Batting: RHB Kevin Wick 0-0: Called Strike
0-1: Ball
1-1: Swinging Strike
1-2: Strikes out swinging
Batting: LHB Evan Oliveri 0-0: Called Strike
0-1: Foul Ball, location: 2F
0-2: Ball
1-2: Foul Ball, location: 2F
1-2: Strikes out swinging
Top of the 7th over - 0 runs, 0 hits, 0 errors, 1 left on base; Harrisburg 5 - San Jose 2
BOTTOM OF THE 7TH
San Jose Giants batting - Pitching for Harrisburg Senators : LHP Manny Ruiz
Batting: LHB Mike Roberts 0-0: Ball
1-0: Ball
2-0: Ground out 4-3 (Groundball, 34, EV 96.9 MPH)
Batting: RHB Gary Sampson 0-0: Ground out 5-3 (Groundball, 56, EV 90.0 MPH)
Batting: LHB Gil Caraveo 0-0: Ball
1-0: Called Strike
1-1: Ball
2-1: Foul Ball, location: 2F
2-2: Foul Ball, location: 2F
2-2: Ground out 4-3 (Groundball, 34, EV 90.0 MPH)
Bottom of the 7th over - 0 runs, 0 hits, 0 errors, 0 left on base; Harrisburg 5 - San Jose 2
TOP OF THE 8TH
Harrisburg Senators batting - Pitching for San Jose Giants : RHP Harry Dickson
Batting: RHB Ben Welt 0-0: Ball
1-0: Ball
2-0: Called Strike
2-1: Foul Ball, location: 2F
2-2: Foul Ball, location: 2F
2-2: Foul Ball, location: 2F
2-2: Fly out, F4 (Popup, 4M, EV 78.8 MPH)
Batting: RHB Victor Cintron 0-0: Swinging Strike
0-1: Ball
1-1: Swinging Strike
1-2: Ground out U3 (Groundball, 13, EV 86.9 MPH)
Batting: RHB Naofumi Ishida 0-0: Swinging Strike
0-1: Foul Ball, location: 2F
0-2: Strikes out looking
Top of the 8th over - 0 runs, 0 hits, 0 errors, 0 left on base; Harrisburg 5 - San Jose 2
BOTTOM OF THE 8TH
San Jose Giants batting - Pitching for Harrisburg Senators : LHP Manny Ruiz
Pitching: RHP Chris Doty
Now at 1B: Slavik Nebrodov
Batting: RHB Teruhide Horiuchi 0-0: Ball
1-0: Foul Ball, location: 2F
1-1: Foul Ball, location: 2F
1-2: Strikes out looking
Batting: RHB Ruben Irizarry 0-0: Ball
1-0: DOUBLE (Line Drive, 7LM, EV 103.1 MPH)
Batting: RHB Edwin Verdugo 0-0: Called Strike
0-1: Fly out, F9 (Flyball, 89M, EV 88.1 MPH)
Batting: RHB Troy Trice 0-0: Called Strike
0-1: Ball
1-1: Ball
2-1: Fly out, F9 (Flyball, 9D, EV 96.2 MPH)
Bottom of the 8th over - 0 runs, 1 hit, 0 errors, 1 left on base; Harrisburg 5 - San Jose 2
TOP OF THE 9TH
Harrisburg Senators batting - Pitching for San Jose Giants : RHP Harry Dickson
Pitching: LHP Christian Rogers
Batting: RHB Jim Miske 0-0: Ball
1-0: Foul Ball, location: 2F
1-1: Ball
2-1: Called Strike
2-2: Foul Ball, location: 2F
2-2: Ball
3-2: Base on Balls
Batting: RHB Antonio Morado 0-0: Ball
1-0: Foul Ball, location: 2F
1-1: Called Strike
1-2: Foul Ball, location: 2F
1-2: Foul Ball, location: 2F
1-2: Strikes out swinging
Batting: LHB Kyung-jin Cho 0-0: SINGLE (Groundball, 56D, EV 97.5 MPH)
Jim Miske to second
Runner from 2nd tries for 3rd, SAFE, throw by LF made to third
Batting: LHB Pat Aviles 0-0: Ball
1-0: Fielders Choice at 2nd, 1-4 (Groundball, 15S, EV 67.5 MPH)
Batting: RHB Kevin Wick 0-0: Ball
1-0: Ball
2-0: Foul Ball, location: 2F
2-1: Foul Ball, location: 2F
2-2: Ground out 1-3 (Groundball, 13, EV 68.8 MPH)
Top of the 9th over - 0 runs, 1 hit, 0 errors, 2 left on base; Harrisburg 5 - San Jose 2
BOTTOM OF THE 9TH
San Jose Giants batting - Pitching for Harrisburg Senators : RHP Chris Doty
Pitching: RHP Gareth Cutts
Batting: RHB Cesar Martinez 0-0: Ball
1-0: Ground out 1-3 (Groundball, 13, EV 61.2 MPH)
Pinch Hitting: LHB Steve Nevis 0-0: Ball
1-0: Foul Ball, location: 2F
1-1: Ball
2-1: Foul Ball, location: 2F
2-2: Foul Ball, location: 2F
2-2: Strikes out swinging
Batting: LHB Mike Roberts 0-0: Ground out 1-3 (Groundball, 34S, EV 75.6 MPH)
Bottom of the 9th over - 0 runs, 0 hits, 0 errors, 0 left on base; Harrisburg 5 - San Jose 2
Tuesday, March 28th , 2023 - OOTP Baseball 23.10 Build 110